 Dungeon Crawl Stone Soup version 0.31.0-11-ge490571c62 (webtiles) character file.

Game seed: 15284549524148767138

546 qw the Skirmisher (level 7, 0/40 HPs)
             Began as a Deep Elf Hunter on Feb 4, 2024.
             Succumbed to a scorpion's poison
             ... on level 5 of the Dungeon.
             The game lasted 00:00:13 (3737 turns).

qw the Skirmisher (Deep Elf Hunter)                 Turns: 3737, Time: 00:00:14

Health: 0/40       AC:  7    Str: 10    XL:     7   Next: 6%
Magic:  9/9        EV: 11    Int: 14    God:
Gold:   113        SH:  0    Dex: 18    Spells: 6/6 levels left

rFire   . . .        a - +1 shortbow
rCold   . . .        (shield currently unavailable)
rNeg    . . .        d - +0 ring mail
rPois   .            (no helmet)
rElec   .            (no cloak)
rCorr   .            b - +1 pair of gloves
SInv    .            (no boots)
Will    .....        (no amulet)
Stlth   +            (no ring)
HPRegen 0.26/turn    (no ring)
MPRegen 0.11/turn

%: no passive effects
@: lethally poisoned (0 -> -2)
A: no striking features
a: no special abilities


You were on level 5 of the Dungeon.
You visited 1 branch of the dungeon, and saw 5 of its levels.

You collected 113 gold pieces.


   Skills:
 - Level 2.0 Fighting
 + Level 10.4 Ranged Weapons
 - Level 1.4 Armour
 - Level 3.0 Dodging
 - Level 1.2 Stealth


You had 6 spell levels left.
You didn't know any spells.
Your spell library was empty.

Inventory:

Hand Weapons
 a - a +1 shortbow (weapon)
Armour
 b - a +1 pair of gloves (worn)
 d - a +0 ring mail (worn)
Potions
 i - a potion of haste
 j - 2 potions of enlightenment

Dungeon Overview and Level Annotations

Branches:
Dungeon (5/15)
 Temple: D:4-7

Altars:
Cheibriados


Message History

You shoot an arrow. The arrow hits the scorpion.
The scorpion is lightly wounded.
You feel sick.
The scorpion stings you but does no damage.
You shoot an arrow. The arrow barely misses the scorpion.
You feel sick.
You are no longer poisoned.
The scorpion barely misses you. x2
You shoot an arrow. The arrow barely misses the scorpion.
The scorpion stings you.
You shoot an arrow. The arrow closely misses the scorpion.
The scorpion misses you. x2
You shoot an arrow.
The arrow hits the scorpion but does no damage.
The scorpion is lightly wounded.
The scorpion stings you but does no damage.
You shoot an arrow. The arrow closely misses the scorpion.
The scorpion stings you but does no damage.
You shoot an arrow. The arrow barely misses the scorpion.
The scorpion stings you.
You shoot an arrow. The arrow hits the scorpion!
The scorpion is heavily wounded.
The scorpion completely misses you. The scorpion stings you.
You are lethally poisoned!
The scorpion poisons you!
You shoot an arrow. The arrow hits the scorpion.
The scorpion is severely wounded.
You feel sick. The scorpion stings you.
You shoot an arrow. The arrow hits the scorpion.
You kill the scorpion!
You feel sick.
You have reached level 7!
There is a lethal amount of poison in your body!
You feel sick.
There is a lethal amount of poison in your body!
You feel sick.
There is a lethal amount of poison in your body!
You feel sick.
There is a lethal amount of poison in your body!
You die...

#......
#.#...###.#
#....<....#
....##..##### #
#..# #.)# #..#
..####.)####
..........@#
.######.##........
..##..####### ...#
..## ....# ..#
...# ..# ### ...
...


There were no monsters in sight!

Vanquished Creatures
  A phantom (D:4)
  4 scorpions
  2 orc wizards
  A gnoll (D:1)
  7 adders
  A shadow imp (D:5)
  5 dart slugs
  2 ribbon worms (D:3)
  11 orcs
  7 ball pythons
  9 endoplasms
  2 giant cockroaches
  2 goblins
  3 hobgoblins
  3 jackals (D:2)
  5 quokkas
  2 bats (D:1)
  3 frilled lizards
  8 kobolds
  4 rats (D:1)
82 creatures vanquished.

Notes
Turn   | Place    | Note
-------+----------+-------------------------------------------
     0 | D:1      | qw the Deep Elf Hunter began the quest for the Orb.
     0 | D:1      | Reached XP level 1. HP: 12/12 MP: 3/3
     0 | D:1      | 0 ||| qw: Version: 0.3-a-160-g6735b56
     0 | D:1      | 0 ||| qw: Game counter: 5375
     0 | D:1      | 0 ||| qw: Melee chars always use a shield: true
     0 | D:1      | 0 ||| qw: God list: Okawaru
     0 | D:1      | 0 ||| qw: Allow faded altars: false
     0 | D:1      | 0 ||| qw: Do Orc after clearing Dungeon:15 true
     0 | D:1      | 0 ||| qw: Do second Lair branch before Depths: true
     0 | D:1      | 0 ||| qw: Lair rune preference: random
     0 | D:1      | 0 ||| qw: Goals: Normal
     0 | D:1      | 0 ||| PLANNING D:1-11
    92 | D:1      | Reached skill level 6 in Ranged Weapons
    92 | D:1      | Reached XP level 2. HP: 16/16 MP: 4/4
   532 | D:1      | Reached XP level 3. HP: 20/20 MP: 5/5
   736 | D:1      | 736 ||| READING scroll labelled EKERI SOYNLUH.
   737 | D:1      | 737 ||| READING scroll labelled MEREIS IGETT.
   737 | D:1      | 737 ||| ENCHANTING +0 shortbow.
   738 | D:1      | 738 ||| READING scroll labelled YMPOR RAUKHLOU.
   739 | D:1      | 739 ||| DROPPING scroll of butterflies.
   741 | D:1      | 741 ||| Stepping ~*~*~tactically~*~*~ (cloud).
   746 | D:1      | HP: 5/20 [poisoned by you (poison gas)]
  1066 | D:2      | Reached skill level 7 in Ranged Weapons
  1402 | D:2      | Reached XP level 4. HP: 20/25 MP: 6/6
  1613 | D:2      | 1613 ||| UPGRADING to +0 pair of gloves.
  1618 | D:2      | 1618 ||| DROPPING +6 ring of intelligence.
  1619 | D:2      | 1619 ||| READING scroll labelled QOF WUGESH.
  1619 | D:2      | 1619 ||| IDENTIFYING sedimented blue potion
  1620 | D:2      | 1620 ||| DRINKING 2 red potions.
  1621 | D:2      | 1621 ||| DRINKING 2 metallic emerald potions.
  1622 | D:2      | 1622 ||| DROPPING potion of brilliance.
  1810 | D:3      | Reached skill level 8 in Ranged Weapons
  2312 | D:3      | Found a snail-covered altar of Cheibriados.
  2554 | D:3      | 2554 ||| UPGRADING to +0 ring mail.
  2564 | D:3      | 2564 ||| DROPPING +0 leather armour.
  2565 | D:3      | 2565 ||| READING scroll labelled IRALOY BOZYL.
  2565 | D:3      | 2565 ||| ENCHANTING +0 pair of gloves.
  2577 | D:4      | Noticed a phantom
  2595 | D:4      | Killed a phantom
  2596 | D:4      | Reached skill level 9 in Ranged Weapons
  2596 | D:4      | Reached XP level 5. HP: 15/29 MP: 7/7
  2883 | D:4      | 2883 ||| FLEEEEING.
  2884 | D:4      | 2884 ||| FLEEEEING.
  2885 | D:4      | 2885 ||| FLEEEEING.
  2886 | D:4      | 2886 ||| FLEEEEING.
  2907 | D:4      | 2907 ||| DRINKING potion of curing.
  2907 | D:4      | 2907 ||| (to cure confusion)
  3056 | D:4      | Reached XP level 6. HP: 35/35 MP: 8/8
  3367 | D:4      | HP: 5/35 [poisoned by a scorpion]
  3368 | D:4      | 3368 ||| DRINKING potion of heal wounds.
  3375 | D:4      | HP: 8/35 [poisoned by a scorpion]
  3380 | D:4      | HP: 5/35 [scorpion (1)]
  3560 | D:4      | 3560 ||| READING 2 scrolls of identify.
  3560 | D:4      | 3560 ||| IDENTIFYING lumpy ruby potion
  3561 | D:4      | 3561 ||| READING scroll of identify.
  3561 | D:4      | 3561 ||| IDENTIFYING clear potion
  3562 | D:4      | 3562 ||| READING scroll labelled FUDGHECV UDWUTI.
  3563 | D:4      | 3563 ||| DRINKING 3 ruby potions.
  3564 | D:4      | 3564 ||| DROPPING potion of attraction.
  3576 | D:5      | Entered Level 5 of the Dungeon
  3577 | D:5      | 3577 ||| STAIRDANCE
  3590 | D:4      | Reached skill level 10 in Ranged Weapons
  3699 | D:5      | Reached skill level 3 in Dodging
  3723 | D:5      | Reached skill level 1 in Armour
  3731 | D:5      | HP: 7/35 [scorpion (6)]
  3733 | D:5      | HP: 2/35 [poisoned by a scorpion]
  3734 | D:5      | Reached XP level 7. HP: 3/40 MP: 9/9
  3737 | D:5      | Succumbed to a scorpion's poison

Levels and vault maps discovered:
D:1:      psy_arrival_whirlpool, layout_basic, minmay_misc_feat_square
D:2:      layout_loops_corners, chequers_serial_rivers_small_3
D:3:      layout_basic, kennysheep_slug_shrine
D:4:      layout_basic, due_unseen_surprise
D:5:      layout_loops_ring, minmay_temple_entry_purple_smoke,
          minmay_parallelograms, uniq_crazy_yiuf_cottage, uniq_edmund,
          uniq_sigmund

Skill      XL: |  1  2  3  4  5  6 |
---------------+-------------------+-----
Ranged Weapons | 6 7 9 10 | 10.4
Fighting       | 2 |  2.0
Dodging        | 3 |  3.0
Armour         | 1 |  1.4
Stealth        | |  1.2

Action                     |  1- 3 |  4- 6 |  7- 9 || total
---------------------------+-------+-------+-------++-------
   Fire: Shortbow          |    87 |   197 |       ||   284
    Use: Scroll            |     3 |     5 |       ||     8
         Potion            |       |     5 |       ||     5
 Armour: Leather armour    |    13 |    12 |       ||    25
         Ring mail         |       |    65 |       ||    65
  Dodge: Dodged            |    12 |    56 |       ||    68

Table legend:
 A = Non-vault XP
 B = Vault XP
 C = Vault XP percentage of total XP
 D = Non-vault monster count
 E = Vault monster count
 F = Vault count percentage of total count
                 A         B        C        D         E       F
            +---------+---------+-------+---------+---------+-------
      Total |     777 |       4 |   0.5 |      81 |       1 |   1.2
            +---------+---------+-------+---------+---------+-------
        D:1 |      46 |       0 |   0.0 |      20 |       0 |   0.0
        D:2 |      67 |       0 |   0.0 |      18 |       0 |   0.0
        D:3 |      71 |       4 |   5.3 |      19 |       1 |   5.0
        D:4 |     365 |       0 |   0.0 |      18 |       0 |   0.0
        D:5 |     228 |       0 |   0.0 |       6 |       0 |   0.0
            +---------+---------+-------+---------+---------+-------
